 Dungeon Crawl Stone Soup version 0.24.1 (webtiles) character file.

Game seed: 14000549452010558230, levelgen mode: deterministic

183 Frank2 the Cudgeler (level 5, 39/39 HPs)
             Began as a Demonspawn Gladiator on Mar 26, 2020.
             Quit the game on level 2 of the Dungeon on Apr 4, 2020.
             The game lasted 00:02:04 (1131 turns).

Frank2 the Cudgeler (Demonspawn Gladiator)          Turns: 1131, Time: 00:02:05

Health: 39/39      AC:  3    Str: 14    XL:     5   Next: 35%
Magic:  5/5        EV: 13    Int:  9    God:
Gold:   172        SH:  0    Dex: 16    Spells: 4/4 levels left

rFire    . . .     SeeInvis .   a - +1 flail
rCold    . . .     Gourm    .   (no shield)
rNeg     . . .     Faith    .   b - +0 leather armour
rPois    .         Spirit   .   (helmet restricted)
rElec    .         Reflect  .   (no cloak)
rCorr    .         Harm     .   (no gloves)
MR       .....                  (no boots)
Stlth    ++........             (no amulet)
HPRegen  0.13/turn              (no ring)
MPRegen  0.09/turn              (no ring)

@: flying, very slightly contaminated
A: antennae 1, nightstalker 1
a: no special abilities


You were on level 2 of the Dungeon.
You were hungry.

You visited 1 branch of the dungeon, and saw 2 of its levels.

You collected 172 gold pieces.

Inventory:

Hand Weapons
 a - a +1 flail (weapon)
Missiles
 d - 3 throwing nets (quivered)
Armour
 b - a +0 leather armour (worn)
 c - a +2 helmet
Scrolls
 g - 2 scrolls of remove curse
Potions
 e - a potion of heal wounds
 h - a potion of flight
 j - a potion of mutation {unknown}
 k - a potion of invisibility
Comestibles
 f - 2 rations
 i - 3 chunks of flesh


   Skills:
 + Level 2.7 Fighting
 + Level 4.2 Maces & Flails
 - Level 1.7 Throwing
 + Level 1.5 Armour
 + Level 3.6 Dodging


You had 4 spell levels left.
You didn't know any spells.
Your spell library was empty.

Dungeon Overview and Level Annotations

Branches:
Dungeon (2/15)

Altars:


Innate Abilities, Weirdness & Mutations

You have a pair of small antennae on your head.
You are slightly more attuned to the shadows.


Message History

Sigmund is almost dead.
You thump Sigmund!
You kill Sigmund!
Your Maces & Flails skill increases to level 4!
Your Armour skill increases to level 1!
You have reached level 4!
You feel agile.
You feel monstrous as your demonic heritage exerts itself.
Your demonic ancestry asserts itself...
A pair of antennae grows on your head!
Your +2 helmet falls away!
You have reached level 5!
Things that are here:
a +0 scythe; a +0 robe; the human corpse of Sigmund You butcher the human corpse of Sigmund.
i - 3 chunks of flesh
Things that are here:
a +0 scythe; a +0 robe; the human skeleton of Sigmund You flicker back into view.
Are you sure you want to abandon this character and quit the game? (Confirm with "yes".)

...........########
.......###.# #
.)......###.# #
#.##......#.# #
#.##.####.#.###### #
####.#............... #
.......##.......#####.#
................# #.#
......@.#....#).# #.#
........#.#...#.# #.#
........#.#.#.#.# #.#
####+##.#.#.#.#.#####.#
#.#.....#........
#.#############.# #....
#.# ##.#.## #####.# ..
.. ..##.#


There were no monsters in sight!

Vanquished Creatures
  Sigmund (D:2)
  An adder (D:2)
  A dart slug (D:1)
  A leopard gecko (D:1)
  A giant cockroach (D:1)
  2 hobgoblins (D:1)
  4 kobolds (D:1)
  A bat (D:1)
  3 frilled lizards (D:1)
  4 rats (D:1)
19 creatures vanquished.

Notes
Turn   | Place    | Note
-------+----------+-------------------------------------------
     0 | D:1      | Frank2 the Demonspawn Gladiator began the quest for the
                  | Orb.
     0 | D:1      | Reached XP level 1. HP: 16/16 MP: 1/1
     6 | D:1      | Noticed a hound
     6 | D:1      | Noticed a swamp worm
     6 | D:1      | Noticed a worker ant
     6 | D:1      | Noticed a crocodile
     6 | D:1      | Noticed a water moccasin
   141 | D:1      | Gained mutation: You are slightly more attuned to the
                  | shadows. [demonic ancestry]
   141 | D:1      | Reached XP level 2. HP: 7/22 MP: 2/2
   457 | D:1      | Reached skill level 3 in Maces & Flails
  1091 | D:2      | Reached XP level 3. HP: 27/27 MP: 3/3
  1109 | D:2      | Noticed Sigmund
  1127 | D:2      | Killed Sigmund
  1127 | D:2      | Reached skill level 4 in Maces & Flails
  1127 | D:2      | Reached skill level 1 in Armour
  1127 | D:2      | Gained mutation: You have a pair of small antennae on your
                  | head. [demonic ancestry]
  1127 | D:2      | Reached XP level 4. HP: 34/34 MP: 4/4
  1127 | D:2      | Reached XP level 5. HP: 39/39 MP: 5/5
  1131 | D:2      | Quit the game

Levels and vault maps discovered:
D:1:      onia_arrival_zoo_common, layout_loops_ring
D:2:      layout_basic, nicolae_overflow_crystal_walls, uniq_sigmund

Skill      XL: |  1  2  3 |
---------------+----------+-----
Dodging        | 3 |  3.6
Maces & Flails | 3 4 |  4.2
Armour         | 1 |  1.5
Fighting       | |  2.7
Throwing       | |  1.7

Action                   |  1- 3 |  4- 6 || total
-------------------------+-------+-------++-------
Melee: Flail             |    74 |       ||    74
  Use: Scroll            |     7 |       ||     7
       Potion            |     2 |       ||     2
 Stab: Sleeping          |     5 |       ||     5
       Invisible         |     1 |       ||     1
Armor: Leather armour    |    21 |       ||    21
Dodge: Dodged            |    53 |       ||    53
